 Dungeon Crawl Stone Soup version 0.16-a0-296-gbdb9f68 (webtiles) character file.

200 Ololoev the Stinger (level 5, -1/42 HPs)
             Began as a Naga Wizard on Aug 29, 2014.
             Slain by Eustachio
             ... wielding a +0 falchion
              (10 damage)
             ... on Level 4 of the Dungeon.
             The game lasted 00:13:05 (3944 turns).

Ololoev the Stinger (Naga Wizard)                   Turns: 3944, Time: 00:13:05

HP  -1/42        AC  3     Str  9      XL: 5   Next: 79%
MP   1/11        EV 10     Int 18      God:
Gold 205         SH  0     Dex 11      Spells:  4 memorised,  2 levels left

rFire  . . .     SeeInvis +     C - +0 short sword (elec)
rCold  . . .     Clarity  .     a - +0 robe
rNeg   . . .     rCorr    .     (no shield)
rPois  +         rRot     .     b - +0 hat
rElec  .         Spirit   .     q - +0 cloak
SustAb .         Warding  .     (no gloves)
rMut   .         Stasis   .     (no barding)
Gourm  .                        (no amulet)
MR     .....                    (no ring)
                                (no ring)

@: very slightly contaminated, very slow, not resistant to hostile enchantments,
unstealthy
A: spit poison, see invisible, deformed body, poison resistance, slowness 2, AC
+1
a: Spit Poison


You were on level 4 of the Dungeon.
You were hungry.

You visited 1 branch of the dungeon, and saw 4 of its levels.

You collected 205 gold pieces.

Inventory:

Hand weapons
 C - a +0 short sword of electrocution (weapon)
Armour
 a - a +0 robe (worn)
 b - a +0 hat (worn)
 q - a +0 cloak (worn)
Magical devices
 o - a wand of polymorph (8)
 w - a wand of flame (17)
Comestibles
 d - 2 bread rations
 j - 2 beef jerkies
 t - a royal jelly
Scrolls
 f - 6 scrolls of identify {unknown}
 g - a scroll of remove curse {unknown}
 k - 2 scrolls of magic mapping {unknown}
 l - a scroll of noise {unknown}
 s - a scroll of blinking {unknown}
 u - a scroll of recharging {unknown}
 x - 2 scrolls of amnesia {unknown}
 y - a scroll of teleportation {unknown}
 z - a scroll of fog {unknown}
 B - a scroll of random uselessness {unknown}
Potions
 e - a potion of mutation {unknown}
 i - 3 potions of curing {unknown}
 m - 2 potions of poison {unknown}
 n - a potion of might
 p - a potion of haste {unknown}
 r - a potion of brilliance {unknown}
 v - a potion of degeneration {unknown}
Books
 c - a book of Minor Magic

   Spells                             Type                      Level
   *Magic Dart                        Conjuration                  1
   Blink                              Translocation                2
   *Call Imp                          Summoning                    2
   *Repel Missiles                    Charms/Air                   2
   Slow                               Hexes                        2
   Conjure Flame                      Conjuration/Fire             3
   *Mephitic Cloud                    Conjuration/Poison/Air       3


   Skills:
 - Level 1.5 Dodging
 - Level 3.0 Stealth
 - Level 3.0 Spellcasting
 + Level 3.0 Conjurations
 - Level 1.5 Summonings
   Level 1.0 Translocations
 + Level 2.7 Air Magic
 + Level 3.8 Poison Magic


You had 2 spell levels left.
You knew the following spells:

 Your Spells              Type           Power        Failure   Level  Hunger
a - Magic Dart            Conj           ##..         6%          1    None
b - Call Imp              Summ           #.......     14%         2    ##.....
c - Repel Missiles        Chrm/Air       #.....       14%         2    ##.....
d - Mephitic Cloud        Conj/Pois/Air  ##......     17%         3    ###....


Dungeon Overview and Level Annotations

Branches:
Dungeon (4/15)
 Temple: D:4-7

Altars:
Ashenzari
Fedhas

Annotations:
D:4 Eustachio


Innate Abilities, Weirdness & Mutations

You cannot wear boots.
You can spit poison.
Your serpentine skin is tough (AC +1).
You have supernaturally acute eyesight.
Armour fits poorly on your strangely shaped body.
Your system is resistant to poisons.
You cover ground very slowly.


Message History

You hit Eustachio.
Eustachio is lightly wounded.
The quokka closely misses you. Eustachio closely misses you.
The rat bites you but does no damage. The quokka bites you.
You barely miss Eustachio.
Eustachio is lightly wounded.
The rat bites you but does no damage. The quokka barely misses you.
Eustachio hits you with a falchion.
* * * LOW HITPOINT WARNING * * *
You closely miss Eustachio.
Eustachio is lightly wounded.
The adder seems less confused.
The quokka closely misses you. The rat misses you.
Eustachio gestures wildly while chanting.
You miss Eustachio.
Eustachio is lightly wounded.
The quokka bites you.
* * * LOW HITPOINT WARNING * * *
The rat bites you but does no damage. Eustachio hits you with a falchion!
You die...

#.........%....#
#########......#
#......#
########......#
#........#.#.###
#...............#
#........#.#.##.#
#....S%./#...#
#.....rr@##..#
.......r@# ..#
#.......b. >#
#.....$..## #
#######.# #.# #.#
#.# #.#


You could see Eustachio, an adder, a green rat, a quokka, a bat and a rat.

Vanquished Creatures
  A hound (D:4)
  2 worker ants
  3 adders
  2 worms
  2 giant geckos (D:2)
  An ooze (D:2)
  6 orcs
  8 bats
  4 giant cockroaches
  5 hobgoblins
  6 jackals
  A quokka (D:4)
  A ball python (D:2)
  6 giant newts
  12 goblins
  A goblin skeleton (D:4)
  9 kobolds
  10 rats
80 creatures vanquished.

Notes
Turn   | Place    | Note
--------------------------------------------------------------
     0 | D:1      | Ololoev, the Naga Wizard, began the quest for the Orb.
     0 | D:1      | Reached XP level 1. HP: 15/15 MP: 4/4
   467 | D:1      | Reached XP level 2. HP: 22/22 MP: 6/6
   471 | D:1      | Learned a level 2 spell: Call Imp
   474 | D:1      | Learned a level 2 spell: Repel Missiles
   753 | D:1      | Reached skill level 1 in Air Magic
   761 | D:1      | HP: 1/22 [jackal (3)]
  1275 | D:2      | Reached XP level 3. HP: 28/28 MP: 2/7
  1325 | D:2      | Learned a level 3 spell: Mephitic Cloud
  1652 | D:2      | Reached skill level 1 in Poison Magic
  1841 | D:2      | Found a blossoming altar of Fedhas.
  2296 | D:2      | Reached XP level 4. HP: 33/36 MP: 9/9
  3108 | D:3      | Reached XP level 5. HP: 32/42 MP: 11/11
  3359 | D:3      | Found a shattered altar of Ashenzari.
  3921 | D:4      | Noticed Eustachio
  3944 | D:4      | Slain by Eustachio

Action                   |  1- 3 |  4- 6 || total
-------------------------+-------+-------++-------
Melee: Dagger            |    60 |    38 ||    98
       Short sword       |       |    29 ||    29
 Cast: Magic Dart        |    52 |    57 ||   109
       Mephitic Cloud    |       |     2 ||     2
 Abil: Spit Poison       |    26 |    22 ||    48
Evoke: Wand              |     4 |       ||     4
 Stab: Sleeping          |     1 |       ||     1
  Eat: Chunk             |     5 |     7 ||    12
